 Dungeon Crawl Stone Soup version 0.29.1-12-g30fa7ad0bf (webtiles) character file.

Game seed: 6234169949191147375

193 xzight the Grasshopper (level 5, 0/43 HPs)
             Began as a Gnoll Warper on Dec 30, 2022.
             Succumbed to a scorpion's poison
             ... on level 5 of the Dungeon.
             The game lasted 00:07:33 (3875 turns).

xzight the Grasshopper (Gnoll Warper)               Turns: 3875, Time: 00:07:34

Health: 0/43       AC:  3    Str: 11    XL:     5   Next: 72%
Magic:  7/12       EV: 13    Int: 14    God:
Gold:   165        SH:  0    Dex: 11    Spells: 9/14 levels left

rFire   . . .      SeeInvis .   a - +0 spear
rCold   . . .      Faith    .   (no shield)
rNeg    . . .      Spirit   .   b - +0 leather armour
rPois   .          Reflect  .   (no helmet)
rElec   .          Harm     .   (no cloak)
rCorr   .          Rampage  .   (no gloves)
Will    .....                   (no boots)
Stlth   +.........              (no amulet)
HPRegen 0.14/turn               (no ring)
MPRegen 0.13/turn               (no ring)

@: brilliant, lethally poisoned (0 -> -2), flying, very slightly contaminated
A: fangs 1, strong nose, distributed training
a: no special abilities


You were on level 5 of the Dungeon.
You visited 1 branch of the dungeon, and saw 5 of its levels.

You collected 165 gold pieces.


Innate Abilities, Weirdness & Mutations

You have very sharp teeth.
Your uncanny sense of smell can sniff out nearby items.
Your experience applies equally to all skills.


   Skills:
 + Level 4.9 Fighting
 + Level 1.7 Short Blades
 + Level 1.7 Long Blades
 + Level 1.7 Axes
 + Level 1.7 Maces & Flails
 + Level 4.9 Polearms
 + Level 1.7 Staves
 + Level 1.7 Ranged Weapons
 + Level 3.1 Throwing
 + Level 3.1 Armour
 + Level 4.9 Dodging
 + Level 1.7 Stealth
 + Level 1.7 Shields
 + Level 1.7 Unarmed Combat
 + Level 5.2 Spellcasting
 + Level 1.3 Conjurations
 + Level 1.3 Hexes
 + Level 1.3 Summonings
 + Level 1.3 Necromancy
 + Level 5.6 Translocations
 + Level 1.3 Transmutations
 + Level 1.3 Fire Magic
 + Level 1.3 Ice Magic
 + Level 1.3 Air Magic
 + Level 1.3 Earth Magic
 + Level 1.3 Poison Magic
 + Level 1.9 Invocations
 + Level 1.7 Evocations


You had 9 spell levels left.
You knew the following spells:

 Your Spells              Type           Power      Damage    Failure   Level
a - Blink                 Tloc           58%        N/A       3%          2
b - Teleport Other        Tloc           29%        N/A       6%          3

Your spell library contained the following spells:

 Spells                   Type           Power      Damage    Failure   Level
 Gell's Gravitas          Tloc           29%        N/A       6%          3
 Lesser Beckoning         Tloc           29%        N/A       6%          3
 Manifold Assault         Tloc           29%        N/A       52%         5
 Freezing Cloud           Conj/Ice/Air   5%         6-21      98%         5
 Simulacrum               Ice/Necr       5%         N/A       100%        6
 Polar Vortex             Ice            5%         N/A       100%        9

Inventory:

Hand Weapons
 a - a +0 spear (weapon)
Missiles
 d - 7 boomerangs of dispersal (quivered) {=f}
Armour
 b - a +0 leather armour (worn)
Scrolls
 c - 2 scrolls of blinking
 e - a scroll of teleportation {unknown}
 f - a scroll of magic mapping
 g - a scroll of fog {unknown}
 h - a scroll of amnesia {unknown}
 k - a scroll of identify {unknown}
Potions
 i - a potion of brilliance

Dungeon Overview and Level Annotations

Branches:
Dungeon (5/15)             Temple (0/1) D:5

Altars:
Wu Jian

Shops:
D:1 *

Annotations:
D:2 Natasha

...##+##......###+##****,,,,,,,,,
...+,,,#......#,,,,*,,,*,,,,,,,,,
...#,,,#......#,,,,*,,,*,,,,,,,,,
...#,,*#......####,***,*,,,,,,,,,
####+**#####.....#,***,**********
,,,+,,,,,,,#.....#,,,,,,*,,,,,,,,
,,,*,,,,,,,+.....#,,,,,,+,,,,,,,<
,,,*,,∆,,,,#....<#,,,,,,*,,,,,,,,
,,,*,,,,,,,#....@#,∆,,,,*,,,,,<,,
,,*********#.....##***********,,*
,,******.#####>...#,******,***,,*
,,,,,,,,...,,#....#,,,,,,,,,*,,,*
,,,,,,,,....,#....#,,,,,,∆,,*,,,*
,,,,,,,,.....#....#,,,,,,,,,*,,,*
**,,**,,...$.#....#+#########**,*
*********#..................,***
#..................,*


There were no monsters in sight!


Message History

Press: ? - help, Shift-Dir - straight line, f - scorpion
Aim: a scorpion (moderately wounded, chance to affect: 59%)
You miscast Teleport Other.
You are very lightly contaminated with residual magic.
Nothing appears to happen.
You feel sick. The scorpion closely misses you.
Casting: Teleport Other (dangerous; 6% risk of failure)
Confirm with . or Enter, or press ? or * to list all spells.
Aiming: Teleport Other (dangerous; 6% risk of failure)
Press: ? - help, Shift-Dir - straight line, f/p - scorpion
Aim: a scorpion (moderately wounded, chance to affect: 59%)
The scorpion looks slightly unstable.
You feel sick. The scorpion barely misses you.
You feel sick. The scorpion stings you.
* * * LOW HITPOINT WARNING * * *
It was a potion of brilliance.
You feel clever all of a sudden.
* * * LOW HITPOINT WARNING * * *
You feel sick.
The scorpion disappears!
It was a potion of flight.
You feel very buoyant.
You fly up into the air.
* * * LOW HITPOINT WARNING * * *
You feel sick.
As you read the scroll labelled LADOBO POOTET, it crumbles to dust.
You feel aware of your surroundings.
You sensed 2 altars, and 1 shop/portal.
It was a scroll of magic mapping.
* * * LOW HITPOINT WARNING * * *
You feel sick.
There is a lethal amount of poison in your body!
You die...

Skill      XL: |  1  2  3  4  5 |
---------------+----------------+-----
Spellcasting   | 5 |  5.2
Invocations    | 1 |  1.9
Short Blades   | 1 |  1.7
Long Blades    | 1 |  1.7
Axes           | 1 |  1.7
Maces & Flails | 1 |  1.7
Staves         | 1 |  1.7
Ranged Weapons | 1 |  1.7
Stealth        | 1 |  1.7
Shields        | 1 |  1.7
Unarmed Combat | 1 |  1.7
Evocations     | 1 |  1.7
Conjurations   | 1 |  1.3
Hexes          | 1 |  1.3
Summonings     | 1 |  1.3
Necromancy     | 1 |  1.3
Transmutations | 1 |  1.3
Fire Magic     | 1 |  1.3
Ice Magic      | 1 |  1.3
Air Magic      | 1 |  1.3
Earth Magic    | 1 |  1.3
Poison Magic   | 1 |  1.3
Throwing       | 3 |  3.1
Armour         | 3 |  3.1
Fighting       | |  4.9
Polearms       | |  4.9
Dodging        | |  4.9
Translocations | |  5.6

Action                   |  1- 3 |  4- 6 || total
-------------------------+-------+-------++-------
Melee: Spear             |   135 |   112 ||   247
       Bite              |    15 |     4 ||    19
       Punch             |     1 |       ||     1
 Cast: Teleport Other    |       |     6 ||     6
  Use: Potion            |       |     2 ||     2
       Scroll            |       |     1 ||     1
Armor: Leather armour    |    14 |    10 ||    24
Dodge: Dodged            |    45 |    57 ||   102

Levels and vault maps discovered:
D:1:      minmay_arrival_four_houses, layout_basic,
          hellmonk_ecumenical_altar_inner_sanctum, serial_shops,
          nicolae_shop_hallway_plus, minmay_unequal
D:2:      layout_loops_corners, basic_altar, uniq_natasha, uniq_jessica
D:3:      layout_basic
D:4:      layout_cave_pools, dk_noncrumbling_2
D:5:      layout_gridville, okawaru_altar_gauntlet_db, makhleb_grotto_becter,
          minmay_temple_entry_enclosed_plants, kennysheep_nondescript,
          minmay_misc_feat_four_crosses

Notes
Turn   | Place    | Note
-------+----------+-------------------------------------------
     0 | D:1      | xzight the Gnoll Warper began the quest for the Orb.
     0 | D:1      | Reached XP level 1. HP: 20/20 MP: 6/6
   188 | D:1      | Found a faded altar of an unknown god.
   298 | D:1      | Reached XP level 2. HP: 26/26 MP: 7/7
   493 | D:1      | Found Wonegu's General Store.
   975 | D:1      | Reached skill level 5 in Spellcasting
   975 | D:1      | Reached XP level 3. HP: 25/31 MP: 7/9
  1502 | D:2      | Noticed Natasha
  1518 | D:2      | Found an ornate altar of the Wu Jian Council.
  1753 | D:2      | Reached skill level 1 in Invocations
  2137 | D:2      | Noticed Jessica
  2145 | D:2      | Killed Jessica
  2146 | D:2      | Reached skill level 1 in Short Blades
  2146 | D:2      | Reached skill level 1 in Long Blades
  2146 | D:2      | Reached skill level 1 in Axes
  2146 | D:2      | Reached skill level 1 in Maces & Flails
  2146 | D:2      | Reached skill level 1 in Staves
  2146 | D:2      | Reached skill level 1 in Ranged Weapons
  2146 | D:2      | Reached skill level 1 in Stealth
  2146 | D:2      | Reached skill level 1 in Shields
  2146 | D:2      | Reached skill level 1 in Unarmed Combat
  2146 | D:2      | Reached skill level 1 in Evocations
  2146 | D:2      | Reached XP level 4. HP: 36/38 MP: 11/11
  2178 | D:2      | Learned a level 2 spell: Blink
  2182 | D:2      | Learned a level 3 spell: Teleport Other
  3256 | D:3      | Reached skill level 1 in Conjurations
  3256 | D:3      | Reached skill level 1 in Hexes
  3256 | D:3      | Reached skill level 1 in Summonings
  3256 | D:3      | Reached skill level 1 in Necromancy
  3256 | D:3      | Reached skill level 1 in Transmutations
  3256 | D:3      | Reached skill level 1 in Fire Magic
  3256 | D:3      | Reached skill level 1 in Ice Magic
  3256 | D:3      | Reached skill level 1 in Air Magic
  3256 | D:3      | Reached skill level 1 in Earth Magic
  3256 | D:3      | Reached skill level 1 in Poison Magic
  3338 | D:3      | You fall into a shaft and drop 2 floors!
  3338 | D:5      | Entered Level 5 of the Dungeon
  3370 | D:5      | Noticed a phantom
  3663 | D:5      | Noticed a scorpion
  3672 | D:5      | Reached XP level 5. HP: 19/43 MP: 12/12
  3710 | D:4      | Noticed an ogre
  3771 | D:5      | Killed a phantom
  3772 | D:5      | Reached skill level 3 in Throwing
  3772 | D:5      | Reached skill level 3 in Armour
  3871 | D:5      | HP: 3/43 [scorpion (6)]
  3874 | D:5      | HP: 1/43 [poisoned by a scorpion]
  3875 | D:5      | Succumbed to a scorpion's poison

Vanquished Creatures
  A phantom (D:5)
  A hound (D:5)
  Jessica (D:2)
  A gnoll (D:3)
  3 dart slugs (D:1)
  4 orcs (D:5)
  A bat (D:1)
  8 endoplasms
  2 giant cockroaches
  4 hobgoblins
  3 jackals (D:2)
  2 kobolds
  4 quokkas
  3 ball pythons
  3 frilled lizards
  A goblin (D:1)
  3 rats
45 creatures vanquished.

Table legend: (Time is in decaauts)
 A = Elapsed time spent in this place.
 B = Non-inter-level travel time spent in this place.
 C = Inter-level travel time spent in this place.
 D = Time resting spent in this place.
 E = Time spent auto-exploring this place.
 F = Levels seen in this place.
 G = Mean time per level.
                   A        B        C        D        E       F      G
               +--------+--------+--------+--------+--------+-----+--------+
         Total |   3848 |   3796 |     52 |   1450 |   1721 |   5 |  769.6 |
       Dungeon |   3848 |   3796 |     52 |   1450 |   1721 |   5 |  769.6 |
               +--------+--------+--------+--------+--------+-----+--------+

Top non-repeatable levels by time:
     D:2: 1895 daAuts
     D:1: 1231 daAuts
     D:5: 501 daAuts
     D:3: 192 daAuts
     D:4: 27 daAuts

Table legend:
 A = Non-vault XP
 B = Vault XP
 C = Vault XP percentage of total XP
 D = Non-vault monster count
 E = Vault monster count
 F = Vault count percentage of total count
                 A         B        C        D         E       F
            +---------+---------+-------+---------+---------+-------
      Total |     232 |      45 |  16.2 |      41 |       4 |   8.9
            +---------+---------+-------+---------+---------+-------
        D:1 |      27 |       8 |  22.9 |      14 |       3 |  17.6
        D:2 |      31 |      37 |  54.4 |      17 |       1 |   5.6
        D:3 |      17 |       0 |   0.0 |       3 |       0 |   0.0
        D:4 |       2 |       0 |   0.0 |       1 |       0 |   0.0
        D:5 |     155 |       0 |   0.0 |       6 |       0 |   0.0
            +---------+---------+-------+---------+---------+-------
